 Seeded DCSS version 0.30-a0-924-g0ad0bf95bc (webtiles) character file.

Game seed: 3125986916090331667 (custom seed)

30 Parcival the Grave Robber (level 3, 0/24 HPs)
             Began as a Human Necromancer on Mar 22, 2023.
             Slain by an adder (4 damage)
             ... on level 2 of the Dungeon.
             The game lasted 00:02:46 (961 turns).

Parcival the Grave Robber (Human Necromancer)        Turns: 961, Time: 00:02:46

Health: 0/24       AC:  2    Str:  8    XL:     3   Next: 35%
Magic:  6/6        EV: 12    Int: 17    God:
Gold:   43         SH:  0    Dex: 13    Spells: 5/6 levels left

rFire   . . .      SeeInvis .    c - staff of death
rCold   . . .      Faith    .    (no shield)
rNeg    + . .      Spirit   .    a - +0 robe
rPois   .          Reflect  .    (no helmet)
rElec   .          Rampage  .    (no cloak)
rCorr   .                        (no gloves)
Will    .....                    (no boots)
Stlth   ++                       (no amulet)
HPRegen 0.24/turn                (no ring)
MPRegen 0.10/turn                (no ring)

@: lethally poisoned (0 -> -2)
A: no striking features
a: no special abilities


You were on level 2 of the Dungeon.
You visited 1 branch of the dungeon, and saw 2 of its levels.

You collected 43 gold pieces.

Inventory:

Armour
 a - a +0 robe (worn)
Magical Staves
 c - a staff of death (weapon)
Jewellery
 d - an amulet of magic regeneration
 e - a +6 ring of strength
Potions
 b - a potion of magic
 h - a potion of heal wounds


   Skills:
 + Level 2.1 Dodging
 + Level 2.0 Stealth
 + Level 0.1 Unarmed Combat
 + Level 2.3 Spellcasting
 + Level 4.6 Necromancy


You had 5 spell levels left.
You knew the following spells:

 Your Spells              Type           Power      Damage    Failure   Level
a - Necrotise             Necr           100%       1d9       2%          1

Your spell library contained the following spells:

 Spells                   Type           Power      Damage    Failure   Level
 Vampiric Draining        Necr           26%        2d7       9%          3
 Animate Dead             Necr           26%        N/A       26%         4
 Agony                    Necr           26%        N/A       58%         5


Dungeon Overview and Level Annotations

Branches:
Dungeon (2/15)

Altars:


Message History

As you read the scroll labelled WET RICICU, it crumbles to dust.
It is a scroll of brand weapon.
You aren't carrying any weapons that can be branded.
You aren't carrying any scrolls.
Unknown command.
There is a stone staircase leading down here.
You climb downwards.
The kobold shouts!
The adder hisses angrily.
There is a stone staircase leading up here.
The kobold hits you with a +0 short sword.
You hit the kobold but do no damage. The kobold misses you.
You barely miss the kobold.
The kobold hits you with a +0 short sword.
You hit the kobold.
The kobold is heavily wounded.
The kobold hits you with a +0 short sword.
The adder barely misses you.
You hit the kobold.
The kobold writhes in agony.
You kill the kobold!
The adder bites you but does no damage.
You closely miss the adder. The giant cockroach barely misses you.
The adder bites you. The giant cockroach barely misses you.
The adder barely misses you.
You barely miss the adder.
The giant cockroach bites you but does no damage.
The adder barely misses you.
You barely miss the adder. The giant cockroach misses you.
The adder closely misses you. The giant cockroach misses you.
The adder bites you.
You closely miss the adder. The adder bites you.
The giant cockroach completely misses you.
You miss the adder. The adder bites you. The giant cockroach bites you.
The adder bites you.
* * * LOW HITPOINT WARNING * * *
You are poisoned.
The adder poisons you! The giant cockroach barely misses you.
You hit the adder.
The adder is lightly wounded.
You feel sick. The adder bites you.
You die...

# #.# ##. #.#
..# #.. ...#.#
#.#.# #...#
#.###.#B##
#.....S@<#
###...........#
#.##...####.#
.. ##.## # #.#
... #.# #..


You could see an adder and a giant cockroach.

Vanquished Creatures
  A gnoll (D:1)
  3 endoplasms (D:1)
  A hobgoblin (D:1)
  4 kobolds
  2 ball pythons (D:1)
  2 bats (D:1)
  4 goblins (D:1)
  2 rats (D:1)
19 creatures vanquished.

Vanquished Creatures (collateral kills)
  A goblin (D:1)
1 creature vanquished.

Grand Total: 20 creatures vanquished

Notes
Turn   | Place    | Note
-------+----------+-------------------------------------------
     0 | D:1      | Parcival the Human Necromancer began the quest for the Orb.
     0 | D:1      | Reached XP level 1. HP: 13/13 MP: 3/3
    68 | D:1      | Identified a scroll of acquirement
    68 | D:1      | Acquired a staff of death
   128 | D:1      | Reached XP level 2. HP: 19/19 MP: 3/5
   588 | D:1      | Reached XP level 3. HP: 24/24 MP: 2/6
   961 | D:2      | Slain by an adder

Illustrated notes

Levels and vault maps discovered:
D:1:      amcnicky_arrival_single_pillar, layout_loops_cross,
          hangedman_glass_garden
D:2:      layout_loops_ring, dk_vineyard_1, uniq_natasha

Action                     || total
---------------------------++-------
  Melee: Unarmed           ||    10
         Staff             ||    11
   Cast: Necrotise         ||    29
    Use: Scroll            ||     3
 Armour: Robe              ||     5
  Dodge: Dodged            ||    24

Table legend: (Time is in decaauts)
 A = Elapsed time spent in this place.
 B = Non-inter-level travel time spent in this place.
 C = Inter-level travel time spent in this place.
 D = Time resting spent in this place.
 E = Time spent auto-exploring this place.
 F = Levels seen in this place.
 G = Mean time per level.
                   A        B        C        D        E       F      G
               +--------+--------+--------+--------+--------+-----+--------+
         Total |    962 |    928 |     34 |      0 |    784 |   2 |  481.0 |
       Dungeon |    962 |    928 |     34 |      0 |    784 |   2 |  481.0 |
               +--------+--------+--------+--------+--------+-----+--------+

Top non-repeatable levels by time:
     D:1: 949 daAuts
     D:2: 12 daAuts
